 Dungeon Crawl Stone Soup version 0.28-a0-895-g6e5f11bd55 (webtiles) character file.

Game seed: 10033599176266511150

109 mcbry74 the Chopper (level 4, 0/39 HPs)
             Began as a Hill Orc Fighter on Nov 22, 2021.
             Slain by anonymous's ghost (2 damage)
             ... on level 3 of the Dungeon.
             The game lasted 00:07:10 (2512 turns).

mcbry74 the Chopper (Hill Orc Fighter)              Turns: 2512, Time: 00:07:10

Health: 0/39       AC:  9    Str: 19    XL:     4   Next: 89%
Magic:  4/4        EV:  7    Int: 14    God:
Gold:   103        SH:  5    Dex: 16    Spells: 3/3 levels left

rFire   . . .      SeeInvis .   a - +0 war axe
rCold   . . .      Faith    .   c - +0 buckler
rNeg    . . .      Spirit   .   s - +0 chain mail
rPois   .          Reflect  .   (no helmet)
rElec   .          Harm     .   (no cloak)
rCorr   .          Rampage  .   (no gloves)
Will    .....                   (no boots)
Stlth   ..........              (no amulet)
HPRegen 0.13/turn               q - +6 ring of intelligence
MPRegen 0.09/turn               r - +6 ring of dexterity

@: no status effects
A: no striking features
a: no special abilities


You were on level 3 of the Dungeon.
You visited 1 branch of the dungeon, and saw 3 of its levels.

You collected 103 gold pieces.

Inventory:

Hand Weapons
 a - a +0 war axe (weapon)
 g - a +0 dagger of freezing
Armour
 b - a +0 scale mail
 c - a +0 buckler (worn)
 f - a +0 robe
 s - a +0 chain mail (worn)
Jewellery
 q - a +6 ring of intelligence (left hand)
 r - a +6 ring of dexterity (right hand)
Wands
 p - a wand of digging (7)
Scrolls
 h - a scroll of blinking {unknown}
 m - a scroll of acquirement {unknown}
Potions
 d - a potion of might
 e - 2 potions of flight {unknown}
 i - a potion of degeneration {unknown}
 j - a potion of curing {unknown}
 k - a potion of berserk rage {unknown}
 l - a potion of brilliance {unknown}
 n - a potion of heal wounds {unknown}
 o - a potion of resistance {unknown}


   Skills:
 - Level 3.6 Fighting
 * Level 5.8 Axes
 + Level 3.7 Armour
 + Level 0.5 Dodging
 + Level 0.2 Stealth
 - Level 3.2 Shields


You had 3 spell levels left.
You didn't know any spells.
Your spell library contained the following spells:

 Spells                   Type           Power      Damage    Failure   Level
 Magic Dart               Conj           0%         1d3       98%         1
 Searing Ray              Conj           0%         2d4       99%         2
 Fulminant Prism          Conj/Hex       0%         3d6       100%        4


Dungeon Overview and Level Annotations

Branches:
Dungeon (3/15)

Altars:

Annotations:
D:3 anonymous's ghost, amateur NaFi


Message History

The adder simulacrum bites you but does no damage.
You closely miss anonymous's ghost.
Anonymous's ghost is lightly damaged.
You hit the adder simulacrum but do no damage.
Anonymous's ghost hits you.
You block the adder simulacrum's attack.
You slash anonymous's ghost!
Anonymous's ghost is moderately damaged.
You slash the adder simulacrum!
The adder simulacrum vaporises!
Anonymous's ghost hits you! Anonymous's ghost closely misses you.
You slash anonymous's ghost!
Anonymous's ghost is heavily damaged.
Anonymous's ghost hits you but does no damage.
You hit anonymous's ghost.
Anonymous's ghost is heavily damaged.
Anonymous's ghost hits you.
You hit anonymous's ghost but do no damage.
Anonymous's ghost is heavily damaged.
Anonymous's ghost hits you but does no damage.
You closely miss anonymous's ghost.
Anonymous's ghost is heavily damaged.
Anonymous's ghost hits you.
You barely miss anonymous's ghost.
Anonymous's ghost is heavily damaged.
You block anonymous's ghost's attack. x2
You hit anonymous's ghost.
Anonymous's ghost is severely damaged.
Anonymous's ghost hits you!
* * * LOW HITPOINT WARNING * * *
You hit anonymous's ghost but do no damage.
Anonymous's ghost is severely damaged.
Anonymous's ghost barely misses you.
You hit anonymous's ghost but do no damage.
Anonymous's ghost is severely damaged.
Anonymous's ghost completely misses you.
You slash anonymous's ghost!
Anonymous's ghost is almost destroyed.
Anonymous's ghost hits you.
You die...

#.#....#.........##.......#####.
#.....##..........#.....#.# #.
##.#...#...####....##....#.# #.
......##..##[?###...#†..(#.# #.
......#..##.....##..#..#...# #.
.#.##.#..#[..=...#..#..#...# #.
......#..##......#..##.#...### .
.#.##.##..###........#.#......
.......#.......W@...##.#...###
.#.##..##...####..###.....>... #
#...#####..####....#.#.###
###......†......##)#.#
....$.............###.# #
#.####.#...##.#.#......
#.#...##.#.#.###.#.
#.#........... ....
.................. #


You could see anonymous's ghost.

Vanquished Creatures
  A centaur simulacrum (D:3)
  A gnoll (D:3)
  2 adders
  A hound simulacrum (D:3)
  A worm (D:2)
  2 adder simulacra (D:3)
  5 orcs (D:3)
  5 bats
  2 giant cockroaches
  5 goblins
  A hobgoblin (D:2)
  2 jackals (D:1)
  3 kobolds
  4 quokkas
  3 ball pythons
  9 rats
47 creatures vanquished.

Notes
Turn   | Place    | Note
-------+----------+-------------------------------------------
     0 | D:1      | mcbry74 the Hill Orc Fighter began the quest for the Orb.
     0 | D:1      | Reached XP level 1. HP: 19/19 MP: 1/1
   194 | D:1      | Reached skill level 3 in Axes
   405 | D:1      | Reached XP level 2. HP: 26/26 MP: 2/2
  1132 | D:2      | Reached skill level 4 in Axes
  1132 | D:2      | Reached XP level 3. HP: 11/31 MP: 3/3
  1931 | D:3      | Found a runed translucent gate.
  1931 | D:3      | Found a runed translucent gate.
  1931 | D:3      | Found a runed translucent gate.
  2003 | D:3      | Noticed anonymous's ghost (amateur NaFi)
  2118 | D:3      | Reached skill level 5 in Axes
  2118 | D:3      | Reached XP level 4. HP: 29/39 MP: 4/4
  2509 | D:3      | HP: 1/39 [anonymous's ghost (12)]
  2512 | D:3      | Slain by anonymous's ghost

Illustrated notes

Levels and vault maps discovered:
D:1:      lemuel_arrival_cross, layout_basic, palyth_stone_intersect
D:2:      layout_basic, lemuel_old_faithful
D:3:      layout_basic, mainiacjoe_overflow_concentric_impassable,
          gammafunk_ghost_icy

Skill      XL: |  1  2  3 |
---------------+----------+-----
Axes           | 3 4 5 |  5.8
Fighting       | |  3.6
Armour         | |  3.7
Dodging        | |  0.5
Stealth        | |  0.2
Shields        | |  3.2

Action                   |  1- 3 |  4- 6 || total
-------------------------+-------+-------++-------
Melee: War axe           |   131 |    34 ||   165
Armor: Scale mail        |    65 |     7 ||    72
       Chain mail        |       |     6 ||     6
Dodge: Dodged            |    55 |    13 ||    68
Block: Buckler           |    32 |    13 ||    45

Table legend: (Time is in decaauts)
 A = Elapsed time spent in this place.
 B = Non-inter-level travel time spent in this place.
 C = Inter-level travel time spent in this place.
 D = Time resting spent in this place.
 E = Time spent auto-exploring this place.
 F = Levels seen in this place.
 G = Mean time per level.
                   A        B        C        D        E       F      G
               +--------+--------+--------+--------+--------+-----+--------+
         Total |   2559 |   2516 |     43 |    673 |   1324 |   3 |  853.0 |
       Dungeon |   2559 |   2516 |     43 |    673 |   1324 |   3 |  853.0 |
               +--------+--------+--------+--------+--------+-----+--------+

Top non-repeatable levels by time:
     D:2: 983 daAuts
     D:1: 920 daAuts
     D:3: 655 daAuts
